 Dungeon Sprint DCSS version 0.26-a0-1101-g8f9f7f7418 (webtiles) character file.

Game seed: 9346239816916156591

13200000 Adamkad1 the Axe Maniac (level 27, -242/292 HPs)
             Began as a Palentonga Gladiator on Dec 15, 2020.
             Was the Champion of Makhleb.
             Annihilated by a fleshlord
             ... wielding a +9 great mace
              (255 damage)
             ... in the Dungeon (Sprint VIII: "Arena of Blood").
             The game lasted 00:04:09 (132 turns).

Adamkad1 the Axe Maniac (Palentonga Gladiator)       Turns: 132, Time: 00:04:10

Health: -242/292   AC: 17    Str: 17    XL:     27
Magic:  49/54      EV: 33    Int: 12    God:    Makhleb [******]
Gold:   0          SH:  0    Dex: 22    Spells: 80/80 levels left

rFire    . . .     SeeInvis +   k - +∞ Axe of Woe
rCold    . . .     Faith    .   (shield currently unavailable)
rNeg     . . .     Spirit   .   b - +0 leather armour
rPois    .         Reflect  .   c - +0 helmet
rElec    .         Harm     .   (no cloak)
rCorr    .         Rampage  .   (no gloves)
Will     ++...     NoTele   +   (no barding)
Stlth    ++++++++++             (no amulet)
HPRegen  0.58/turn              (no ring)
MPRegen  0.34/turn              (no ring)

@: slowed, curled up, very slow
A: large, rugged brown scales 3, see invisible, deformed body, roll 1, armoured
tail, reflexive curl
a: Rolling Charge, Minor Destruction, Lesser Servant of Makhleb, Major
Destruction, Greater Servant of Makhleb, Renounce Religion


You were in the Dungeon.
You worshipped Makhleb.
Makhleb was exalted by your worship.
You visited 1 branch

Inventory:

Hand Weapons
 a - a +0 war axe
 k - the +∞ Axe of Woe (weapon)
   (You found it in the Dungeon)
Missiles
 d - 3 throwing nets (quivered)
Armour
 b - a +0 leather armour (worn)
 c - a +0 helmet (worn)
Scrolls
 j - a scroll of blinking
Potions
 f - a potion of heal wounds
 g - a potion of haste
 h - 2 potions of magic
 i - a potion of berserk rage


   Skills:
 O Level 27 Fighting
 O Level 27 Short Blades
 O Level 27 Long Blades
 O Level 27 Axes
 O Level 27 Maces & Flails
 O Level 27 Polearms
 O Level 27 Staves
 O Level 27 Slings
 O Level 27 Bows
 O Level 27 Crossbows
 O Level 27 Throwing
 O Level 27 Armour
 O Level 27 Dodging
 O Level 27 Stealth
 O Level 27 Shields
 O Level 27 Unarmed Combat
 O Level 27 Spellcasting
 O Level 27 Conjurations
 O Level 27 Hexes
 O Level 27 Summonings
 O Level 27 Necromancy
 O Level 27 Translocations
 O Level 27 Transmutations
 O Level 27 Fire Magic
 O Level 27 Ice Magic
 O Level 27 Air Magic
 O Level 27 Earth Magic
 O Level 27 Poison Magic
 O Level 27 Invocations
 O Level 27 Evocations


You had 80 spell levels left.
You didn't know any spells.
Your spell library was empty.

Dungeon Overview and Level Annotations

Branches:
Dungeon (1/1)

Altars:
Makhleb


Innate Abilities, Weirdness & Mutations

You are completely covered in rugged brown scales. (AC +3, +7% HP)
You have supernaturally acute eyesight. (SInv)
Armour fits poorly on your strangely shaped body.
You can roll at nearby foes to attack.
You have a long armoured tail.
You curl defensively after being hit.


Message History

The eight-headed meat hydra convulses!
The bag of meat convulses!
The scourge convulses!
The fleshlord convulses! x2
Your body is wracked with pain!
* * * LOW HITPOINT WARNING * * *
The meat berserker convulses! x2; The scourge convulses!
The scourge hisses angrily.
The scourge convulses! x3; The fleshlord convulses!
The eight-headed meat hydra calls on the powers of darkness!
The eight-headed meat hydra convulses!
The meat berserker convulses!
The fleshlord convulses!
The bag of meat convulses!
The scourge convulses!
The meat berserker convulses!
The fleshlord convulses!
The meat berserker convulses!
The fleshlord convulses!
The eight-headed meat hydra convulses!
Your body is wracked with pain!
* * * LOW HITPOINT WARNING * * *
The scourge convulses!
The fleshlord convulses!
The scourge convulses! x2
The meat berserker convulses!
The scourge convulses!
The fleshlord convulses!
A fleshlord comes into view. It is wielding a +9 great mace.
The fleshlord hits you with a +9 great mace!!!!!
Ouch! That really hurt!
You die...

..### .....####
##......####
...........####
..............####
.....o.).........#
..o..#.).........#
..S####...V......#
S.oDp.p@..)......# .o
.....SDWOOpLX.#....).#
............XOWXX...).....#
.. ..... ...WLp....#......#
.. ....#§..LOSX.......)...#
.. ...#...SX.X....##.....#
.. ...###...X......).D.†)#
..###....p...p....###)....#
..._.............)))))....#


You could see 2 tentacled monstrosities, 3 tyrants, 2 eight-headed meat hydras,
a destroyer, 5 scourges, 6 fleshlords, 6 large abominations, a wretched soul
(invisible), 2 dreads, 4 meat berserkers and 2 bags of meat.

Vanquished Creatures
  4 hell knights (D)
  Sigmund (D)
  6 hell beasts (D)
  6 royal mummies (D)
  5 great orbs of eyes (D)
  2 wraiths (D)
  Harold (D)
  21 vampire knights (D)
  49 ogres (D)
  5 two-headed ogres (D)
  6 liches (D)
  2 hydras (D)
  83 orcs (D)
  7 phantoms (D)
  6 skeletal warriors (D)
  4 sea snakes (D)
  9 large abominations (D)
  6 small abominations (D)
  6 crawling corpses (D)
229 creatures vanquished.

Vanquished Creatures (others)
  A crawling corpse (D)
1 creature vanquished.

Grand Total: 230 creatures vanquished

Notes
Turn   | Place    | Note
-------+----------+-------------------------------------------
     0 | D        | Found the +∞ Axe of Woe
     0 | D        | Adamkad1 the Palentonga Gladiator began the quest for the
                  | Orb.
     0 | D        | Reached XP level 1. HP: 18/18 MP: 1/1
     1 | D        | Noticed a bag of meat
     2 | D        | Noticed a bag of meat
     3 | D        | Became a worshipper of Makhleb the Destroyer
     7 | D        | Noticed a meat berserker
     8 | D        | Noticed a bag of meat
    10 | D        | Noticed a bag of meat
    11 | D        | Killed a bag of meat
    12 | D        | Reached skill level 10 in Throwing
    12 | D        | Reached XP level 2. HP: 47/47 MP: 2/2
    12 | D        | Reached XP level 3. HP: 53/53 MP: 3/3
    12 | D        | Reached XP level 4. HP: 62/62 MP: 4/4
    12 | D        | Reached XP level 5. HP: 68/68 MP: 5/5
    12 | D        | Reached XP level 6. HP: 77/77 MP: 6/6
    12 | D        | Gained mutation: You curl defensively after being hit.
                  | [Palentonga growth]
    12 | D        | Reached XP level 7. HP: 84/84 MP: 7/7
    12 | D        | Reached XP level 8. HP: 92/92 MP: 8/8
    12 | D        | Reached XP level 9. HP: 99/99 MP: 9/9
    12 | D        | Reached XP level 10. HP: 108/108 MP: 10/10
    12 | D        | Reached XP level 11. HP: 114/114 MP: 11/11
    12 | D        | Killed a bag of meat
    12 | D        | Reached * piety under Makhleb
    13 | D        | Reached skill level 15 in Fighting
    13 | D        | Reached XP level 12. HP: 89/129 MP: 12/12
    13 | D        | Killed a meat berserker
    14 | D        | Reached skill level 15 in Dodging
    14 | D        | Reached XP level 13. HP: 99/143 MP: 13/13
    14 | D        | Reached XP level 14. HP: 104/150 MP: 14/14
    14 | D        | Noticed a meat berserker
    14 | D        | Noticed a meat berserker
    15 | D        | Killed a bag of meat
    16 | D        | Noticed a bag of meat
    17 | D        | Killed a bag of meat
    17 | D        | Reached ** piety under Makhleb
    17 | D        | Noticed a bag of meat
    17 | D        | Noticed a bag of meat
    18 | D        | Reached skill level 15 in Throwing
    18 | D        | Reached XP level 15. HP: 156/162 MP: 15/15
    18 | D        | Noticed a meat berserker
    18 | D        | Killed a meat berserker
    18 | D        | Noticed a meat berserker
    19 | D        | Reached skill level 27 in Axes
    19 | D        | Noticed a meat berserker
    19 | D        | Noticed a meat berserker
    19 | D        | Noticed a destroyer
    19 | D        | Noticed a meat berserker
    20 | D        | Reached XP level 16. HP: 180/180 MP: 16/16
    20 | D        | Noticed a large bag of meat
    20 | D        | Noticed a meat berserker
    20 | D        | Noticed a destroyer
    20 | D        | Killed a meat berserker
    20 | D        | Reached *** piety under Makhleb
    20 | D        | Killed a meat berserker
    20 | D        | Noticed a meat berserker
    20 | D        | Noticed a meat berserker
    20 | D        | Noticed a meat berserker
    21 | D        | Reached XP level 17. HP: 160/201 MP: 17/17
    21 | D        | Killed a meat berserker
    21 | D        | Reached **** piety under Makhleb
    21 | D        | Killed a destroyer
    22 | D        | Reached skill level 27 in Fighting
    22 | D        | Reached skill level 27 in Throwing
    22 | D        | Reached skill level 27 in Dodging
    22 | D        | Reached skill level 1 in Short Blades
    22 | D        | Reached skill level 1 in Long Blades
    22 | D        | Reached skill level 1 in Maces & Flails
    22 | D        | Reached skill level 1 in Polearms
    22 | D        | Reached skill level 1 in Staves
    22 | D        | Reached skill level 1 in Bows
    22 | D        | Reached skill level 1 in Crossbows
    22 | D        | Reached skill level 1 in Shields
    22 | D        | Reached skill level 1 in Unarmed Combat
    22 | D        | Reached skill level 1 in Spellcasting
    22 | D        | Reached skill level 1 in Conjurations
    22 | D        | Reached skill level 1 in Hexes
    22 | D        | Reached skill level 1 in Summonings
    22 | D        | Reached skill level 1 in Necromancy
    22 | D        | Reached skill level 1 in Translocations
    22 | D        | Reached skill level 1 in Transmutations
    22 | D        | Reached skill level 1 in Fire Magic
    22 | D        | Reached skill level 1 in Ice Magic
    22 | D        | Reached skill level 1 in Air Magic
    22 | D        | Reached skill level 1 in Earth Magic
    22 | D        | Reached skill level 1 in Poison Magic
    22 | D        | Reached skill level 1 in Invocations
    22 | D        | Reached skill level 1 in Evocations
    22 | D        | Reached XP level 18. HP: 214/214 MP: 17/19
    22 | D        | Noticed a meat berserker
    23 | D        | Reached XP level 19. HP: 221/221 MP: 17/23
    23 | D        | Killed a meat berserker
    23 | D        | Reached ***** piety under Makhleb
    23 | D        | Killed a meat berserker
    24 | D        | Reached XP level 20. HP: 231/231 MP: 17/31
    24 | D        | Killed a destroyer
    24 | D        | Noticed a meat berserker
    24 | D        | Noticed a destroyer
    25 | D        | Reached skill level 10 in Short Blades
    25 | D        | Reached skill level 10 in Long Blades
    25 | D        | Reached skill level 10 in Maces & Flails
    25 | D        | Reached skill level 10 in Staves
    25 | D        | Reached skill level 10 in Unarmed Combat
    25 | D        | Reached skill level 10 in Conjurations
    25 | D        | Reached skill level 10 in Hexes
    25 | D        | Reached skill level 10 in Necromancy
    25 | D        | Reached skill level 10 in Translocations
    25 | D        | Reached skill level 10 in Transmutations
    25 | D        | Reached skill level 10 in Evocations
    25 | D        | Killed a meat berserker
    25 | D        | Killed a meat berserker
    25 | D        | Reached ****** piety under Makhleb
    25 | D        | Killed a meat berserker
    26 | D        | Reached skill level 10 in Stealth
    26 | D        | Reached skill level 15 in Invocations
    26 | D        | Reached XP level 21. HP: 239/239 MP: 17/36
    26 | D        | Reached XP level 22. HP: 249/249 MP: 17/37
    26 | D        | Killed a large bag of meat
    26 | D        | Noticed a large bag of meat
    28 | D        | Reached skill level 15 in Short Blades
    28 | D        | Reached skill level 15 in Long Blades
    28 | D        | Reached skill level 15 in Maces & Flails
    28 | D        | Reached skill level 15 in Staves
    28 | D        | Reached skill level 15 in Unarmed Combat
    28 | D        | Reached skill level 15 in Conjurations
    28 | D        | Reached skill level 15 in Hexes
    28 | D        | Reached skill level 15 in Necromancy
    28 | D        | Reached skill level 15 in Translocations
    28 | D        | Reached skill level 15 in Transmutations
    28 | D        | Reached skill level 15 in Evocations
    28 | D        | Reached XP level 23. HP: 245/256 MP: 17/41
    29 | D        | Noticed a destroyer
    29 | D        | Noticed a large bag of meat
    30 | D        | Reached skill level 15 in Poison Magic
    30 | D        | Killed a destroyer
    31 | D        | Reached skill level 15 in Polearms
    31 | D        | Reached skill level 15 in Spellcasting
    31 | D        | Reached skill level 15 in Earth Magic
    31 | D        | Reached XP level 24. HP: 134/266 MP: 18/42
    31 | D        | Killed a large bag of meat
    32 | D        | Killed a large bag of meat
    33 | D        | Reached skill level 15 in Bows
    33 | D        | Reached skill level 15 in Crossbows
    33 | D        | Reached skill level 15 in Shields
    33 | D        | Reached skill level 15 in Summonings
    33 | D        | Reached skill level 15 in Fire Magic
    33 | D        | Reached skill level 15 in Ice Magic
    33 | D        | Reached skill level 15 in Air Magic
    34 | D        | Reached XP level 25. HP: 102/274 MP: 19/44
    35 | D        | Reached skill level 15 in Stealth
    36 | D        | Killed a destroyer
    37 | D        | Reached XP level 26. HP: 284/284 MP: 20/45
    38 | D        | Noticed a destroyer
    41 | D        | Killed a destroyer
    41 | D        | Noticed a destroyer
    42 | D        | Reached XP level 27. HP: 292/292 MP: 21/46
    43 | D        | Noticed a destroyer
    44 | D        | Noticed a tyrant
    45 | D        | Killed a destroyer
    47 | D        | Killed a tyrant
    48 | D        | Killed a destroyer
    50 | D        | Noticed a tyrant
    53 | D        | Noticed a destroyer
    53 | D        | Noticed The Servant
    54 | D        | Reached skill level 27 in Invocations
    54 | D        | Noticed a destroyer
    54 | D        | Noticed a destroyer
    54 | D        | Noticed a destroyer
    55 | D        | Killed a destroyer
    55 | D        | Killed The Servant
    56 | D        | Noticed a destroyer
    56 | D        | Noticed a tyrant
    56 | D        | Noticed a large bag of meat
    56 | D        | Noticed a tyrant
    56 | D        | Noticed an accursed
    58 | D        | Killed a destroyer
    59 | D        | Noticed a destroyer
    59 | D        | Noticed a destroyer
    59 | D        | Noticed a destroyer
    60 | D        | Killed an accursed
    60 | D        | Killed a destroyer
    60 | D        | Noticed a destroyer
    60 | D        | Noticed a destroyer
    60 | D        | Noticed a destroyer
    61 | D        | Reached skill level 27 in Conjurations
    61 | D        | Reached skill level 27 in Transmutations
    61 | D        | Reached skill level 27 in Evocations
    61 | D        | Killed a destroyer
    61 | D        | Killed a destroyer
    62 | D        | Reached skill level 27 in Short Blades
    62 | D        | Reached skill level 27 in Long Blades
    62 | D        | Reached skill level 27 in Maces & Flails
    62 | D        | Reached skill level 27 in Staves
    62 | D        | Reached skill level 27 in Unarmed Combat
    62 | D        | Reached skill level 27 in Hexes
    62 | D        | Reached skill level 27 in Necromancy
    62 | D        | Reached skill level 27 in Translocations
    62 | D        | Noticed a dread
    62 | D        | Noticed a meat beast
    63 | D        | Reached skill level 1 in Armour
    63 | D        | Noticed a destroyer
    64 | D        | Reached skill level 27 in Earth Magic
    65 | D        | Killed a destroyer
    65 | D        | Killed a tyrant
    65 | D        | Killed a destroyer
    66 | D        | Reached skill level 27 in Polearms
    66 | D        | Reached skill level 27 in Bows
    66 | D        | Reached skill level 27 in Crossbows
    66 | D        | Reached skill level 27 in Spellcasting
    66 | D        | Reached skill level 27 in Fire Magic
    66 | D        | Reached skill level 27 in Ice Magic
    66 | D        | Reached skill level 27 in Air Magic
    66 | D        | Reached skill level 27 in Poison Magic
    66 | D        | Noticed an accursed
    66 | D        | Noticed a meat beast
    67 | D        | Reached skill level 27 in Shields
    67 | D        | Reached skill level 27 in Summonings
    68 | D        | Reached skill level 27 in Stealth
    69 | D        | Reached skill level 27 in Armour
    69 | D        | Killed a destroyer
    70 | D        | Killed a tyrant
    71 | D        | Reached skill level 27 in Slings
    71 | D        | Killed a meat beast
    71 | D        | Noticed a dread
    73 | D        | Killed a destroyer
    73 | D        | Killed a large bag of meat
    73 | D        | Killed a meat beast
    74 | D        | Killed an accursed
    74 | D        | Noticed a large bag of meat
    74 | D        | Noticed a destroyer
    74 | D        | Noticed an accursed
    74 | D        | Noticed a destroyer
    74 | D        | Noticed a destroyer
    75 | D        | Killed a destroyer
    76 | D        | Noticed an accursed
    76 | D        | Noticed The Captor
    77 | D        | Killed a destroyer
    78 | D        | Noticed a meat beast
    79 | D        | Killed a destroyer
    81 | D        | Killed a destroyer
    85 | D        | Noticed a meat beast
    86 | D        | Killed a dread
    86 | D        | Killed a large bag of meat
    87 | D        | Killed The Captor
    88 | D        | Killed a tyrant
    88 | D        | Killed a meat beast
    89 | D        | Killed a meat beast
    90 | D        | Noticed a meat beast
    92 | D        | Killed a dread
    93 | D        | Noticed a tyrant
    94 | D        | Killed a meat beast
    96 | D        | Noticed an accursed
    98 | D        | Noticed a tyrant
    99 | D        | Killed an accursed
   100 | D        | Killed an accursed
   101 | D        | Killed a tyrant
   104 | D        | Killed a tyrant
   111 | D        | Killed an accursed
   115 | D        | Noticed a meat beast
   119 | D        | Killed a meat beast
   121 | D        | Noticed a fleshlord
   121 | D        | Noticed a fleshlord
   122 | D        | Noticed a fleshlord
   122 | D        | Killed a fleshlord
   122 | D        | Noticed a destroyer
   122 | D        | Noticed an accursed
   123 | D        | Killed a fleshlord
   124 | D        | Killed a fleshlord
   125 | D        | Killed a destroyer
   126 | D        | Noticed a fleshlord
   127 | D        | Noticed a fleshlord
   127 | D        | Noticed a destroyer
   127 | D        | Killed an accursed
   127 | D        | Noticed a dread
   127 | D        | Noticed a fleshlord
   127 | D        | Noticed a tyrant
   128 | D        | Noticed a tyrant
   128 | D        | Noticed a tyrant
   128 | D        | Noticed a fleshlord
   128 | D        | Killed a fleshlord
   128 | D        | Noticed a dread
   130 | D        | Noticed a dread
   130 | D        | Noticed a fleshlord
   130 | D        | Noticed a fleshlord
   132 | D        | Noticed a fleshlord
   132 | D        | HP: 13/292 [??? (10)]
   132 | D        | Noticed a fleshlord
   132 | D        | Annihilated by a fleshlord

Illustrated notes

Levels and vault maps discovered:
D:        meatsprint

Skill      XL: |  1  2  3  4  5  6  7  8  9 10 11 12 13 14 15 16 17 18 19 20 21 22 23 24 25 26 27 |
---------------+----------------------------------------------------------------------------------+-----
Fighting       | 13 15 17 19 22 25 27 | 27.0
Axes           | 17 20 23 25 27 | 27.0
Throwing       | 10 12 14 15 18 21 27 | 27.0
Dodging        | 11 13 15 16 19 22 27 | 27.0
Short Blades   | 1 3 8 12 15 16 18 19 20 27 | 27.0
Long Blades    | 1 3 8 12 15 16 18 19 20 27 | 27.0
Maces & Flails | 1 3 8 12 15 16 18 19 20 27 | 27.0
Polearms       | 1 2 7 11 14 15 17 18 19 27 | 27.0
Staves         | 1 3 8 12 15 16 18 19 20 27 | 27.0
Bows           | 1 2 6 11 13 14 15 17 18 27 | 27.0
Crossbows      | 1 2 6 11 13 14 15 17 18 27 | 27.0
Shields        | 1 2 6 11 13 14 15 17 18 27 | 27.0
Unarmed Combat | 1 3 8 12 15 16 18 19 20 27 | 27.0
Spellcasting   | 1 2 7 11 14 15 17 18 19 27 | 27.0
Conjurations   | 1 3 8 13 15 16 18 20 21 27 | 27.0
Hexes          | 1 3 8 12 15 16 18 19 20 27 | 27.0
Summonings     | 1 2 6 11 13 14 15 17 18 27 | 27.0
Necromancy     | 1 3 8 12 15 16 18 19 20 27 | 27.0
Translocations | 1 3 8 12 15 16 18 19 20 27 | 27.0
Transmutations | 1 3 8 12 15 16 18 19 20 27 | 27.0
Fire Magic     | 1 2 6 11 13 14 15 17 18 27 | 27.0
Ice Magic      | 1 2 6 11 13 14 15 17 18 27 | 27.0
Air Magic      | 1 2 6 11 13 14 15 17 18 27 | 27.0
Earth Magic    | 1 2 7 11 14 15 17 18 19 27 | 27.0
Poison Magic   | 1 2 7 12 14 15 17 18 19 27 | 27.0
Invocations    | 1 3 9 15 17 19 21 23 24 27 | 27.0
Evocations     | 1 3 8 13 15 16 18 20 21 27 | 27.0
Stealth        | 2 6 10 12 13 14 15 16 27 | 27.0
Armour         | 27 | 27.0
Slings         | 27 | 27.0

Action                   |  1- 3 |  4- 6 |  7- 9 | 10-12 | 13-15 | 16-18 | 19-21 | 22-24 | 25-27 || total
-------------------------+-------+-------+-------+-------+-------+-------+-------+-------+-------++-------
Melee: Executioner's axe |     1 |       |       |     2 |     4 |     3 |     3 |     8 |    90 ||   111
 Abil: Rolling Charge    |       |       |       |       |     2 |     1 |       |     4 |    38 ||    45
  Use: Potion            |       |       |       |       |       |       |       |       |     1 ||     1
Armor: Leather armour    |       |       |       |       |       |       |       |       |     4 ||     4
Dodge: Dodged            |       |       |       |       |       |       |       |       |    14 ||    14

Table legend: (Time is in decaauts)
 A = Elapsed time spent in this place.
 B = Non-inter-level travel time spent in this place.
 C = Inter-level travel time spent in this place.
 D = Time resting spent in this place.
 E = Time spent auto-exploring this place.
 F = Levels seen in this place.
 G = Mean time per level.
                   A        B        C        D        E       F      G
               +--------+--------+--------+--------+--------+-----+--------+
         Total |    122 |    122 |      0 |      0 |      0 |   1 |  122.0 |
       Dungeon |    122 |    122 |      0 |      0 |      0 |   1 |  122.0 |
               +--------+--------+--------+--------+--------+-----+--------+

Top non-repeatable levels by time:
       D: 122 daAuts
